cohdb
Replays
Latest Replays
All Replays
Popular Replays
Top Player Replays
Match Explorer
How It Works
Community
CoH3 Stats
Reddit
Sign in to upload your games and track your stats! →
Sign in with Steam
Match 42416655
Unlisted
Match 42416655
Overview
Messages
Build Orders
End
Kradschützen Motorcycle Team
Panzergrenadier Squad
Selects Panzerjäger Kommand Battlegroup
Selects Mine Fields
Panzergrenadier Squad
Construct Light Support Kompanie
Panzerjäger Squad
Selects Tank Busters
Fire Support Elements
Panzerjäger Mechanized Group
Panzergrenadier Squad
Flakvierling Half-track
Selects Crew Shock Tactics
Vehicle Survival Package
2.5-tonne Medical Truck
Panzerpioneer Squad
Veteran Squad Leaders
Construct Panzerarmee Kommand
Selects Defensive Positions
Selects Butterfly Bomb Drop
Walking Stuka Rocket Launcher
Selects Anti-tank Overwatch
Panzer III L Medium Tank
Panzerjäger Mechanized Group
Panzer III L Medium Tank
Armored Reserves
Rapid Advance
Major Storm
Mohammed McLOVIN
[38.] Nowhere Queen
Random_Target
Bish Bash Bosh
JohnstyPonst
0
0
Comments
sign in to comment!
No comments posted yet!